 Dungeon Crawl Stone Soup version 0.28.0-62-gf88900778d (webtiles) character file.

Game seed: 9760237064734566924

95 cbfl8 the Skirmisher (level 4, -1/35 HPs)
             Began as a Demonspawn Fighter on Mar 25, 2024.
             Slain by a gnoll
             ... wielding a +0 halberd
              (5 damage)
             ... on level 3 of the Dungeon.
             The game lasted 00:01:44 (2793 turns).

cbfl8 the Skirmisher (Demonspawn Fighter)           Turns: 2793, Time: 00:01:45

Health: -1/35      AC:  8    Str: 16    XL:     4   Next: 39%
Magic:  4/4        EV:  8    Int: 10    God:
Gold:   20         SH:  9    Dex: 14    Spells: 3/3 levels left

rFire   . . .      SeeInvis .   a - +0 war axe
rCold   . . .      Faith    .   c - +0 buckler
rNeg    . . .      Spirit   .   b - +0 scale mail
rPois   .          Reflect  .   (helmet restricted)
rElec   .          Harm     .   (no cloak)
rCorr   .          Rampage  .   (no gloves)
Will    .....                   (no boots)
Stlth   ..........              (no amulet)
HPRegen 0.11/turn               (no ring)
MPRegen 0.09/turn               (no ring)

@: hasted, very quick
A: antennae 1, slimy green scales 1, condensation shield
a: no special abilities


You were on level 3 of the Dungeon.
You visited 1 branch of the dungeon, and saw 3 of its levels.

You collected 62 gold pieces.
You spent 42 gold pieces at shops.

Inventory:

Hand Weapons
 a - a +0 war axe (weapon)
Missiles
 h - a throwing net (quivered)
Armour
 b - a +0 scale mail (worn)
 c - a +0 buckler (worn)
Scrolls
 e - 2 scrolls of identify {unknown}
 f - a scroll of fog {unknown}
 k - 2 scrolls of noise {unknown}
 l - a scroll of teleportation
Potions
 d - 2 potions of might
 g - a potion of invisibility {unknown}
 j - a potion of mutation {unknown}


   Skills:
 + Level 3.3 Fighting
 + Level 2.7 Axes
 + Level 3.2 Armour
 + Level 3.1 Shields
 * Level 1.6 Evocations


You had 3 spell levels left.
You didn't know any spells.
Your spell library contained the following spells:

 Spells                   Type           Power      Damage    Failure   Level
 Beastly Appendage        Tmut           0%         N/A       87%         1
 Slow                     Hex            0%         N/A       87%         1
 Static Discharge         Conj/Air       0%         N/A       95%         2
 Wereblood                Tmut           0%         N/A       95%         2
 Confusing Touch          Hex            0%         N/A       99%         3
 Spider Form              Tmut/Pois      0%         N/A       99%         3
 Vampiric Draining        Necr           0%         2d6       99%         3
 Lightning Bolt           Conj/Air       0%         1d11      100%        5
 Maxwell's Capacitive Co  Air            0%         ∞         100%        8


Dungeon Overview and Level Annotations

Branches:
Dungeon (3/15)

Altars:

Shops:
D:2 ?


Innate Abilities, Weirdness & Mutations

You have a pair of small antennae on your head.
You are partially covered in slimy green scales. (AC +2)
A meltable shield of frost defends you. (SH +4)


Message History

The ball python bites you but does no damage.
The ball python constricts you. You block the adder's attack.
The ball python bites you. The ball python constricts you.
Unknown command.
You slash the ball python!
You kill the ball python!
You barely miss the adder.
The adder bites you but does no damage. x2
You block the rat's attack.
Unknown command.
Unknown command.
You hit the adder.
You kill the adder!
You barely miss the rat. The rat bites you but does no damage.
Unknown command.
You barely miss the rat. The rat bites you but does no damage.
Unknown command.
You closely miss the rat. You block the rat's attack. The rat bites you.
A rat is nearby!
You slash the rat!
You kill the rat!
A gnoll is nearby!
The gnoll shouts!
You see here a ball python corpse.
A gnoll is nearby!
A gnoll is nearby!
The gnoll hits you from afar with a +0 halberd.
You block the gnoll's attack.
You hit the gnoll.
The gnoll is moderately wounded.
The gnoll hits you with a +0 halberd!
You are too injured to fight recklessly!
You are too injured to fight recklessly!
You slash the gnoll!
The gnoll is severely wounded.
The gnoll hits you with a +0 halberd!
* * * LOW HITPOINT WARNING * * *
The gnoll barely misses you.
It was a potion of haste.
You feel yourself speed up. The gnoll hits you with a +0 halberd.
You die...

#.....#
##..........
#######
#......####
+......#
######.†....#
............##.
.######........
..###..†........
..........#.###.
.......@..#.#
#......g..#+#
#.###..r..... .
............
...............
...###.....#....
....#..........
...#.##.#.....
#...... #


You could see a gnoll and a rat.

Vanquished Creatures
  2 gnolls
  3 adders
  2 dart slugs (D:1)
  3 ball pythons
  3 endoplasms (D:2)
  A giant cockroach (D:1)
  5 goblins
  5 hobgoblins
  4 jackals
  3 quokkas
  3 bats
  2 frilled lizards (D:1)
  2 kobolds
  7 rats
45 creatures vanquished.

Notes
Turn   | Place    | Note
-------+----------+-------------------------------------------
     0 | D:1      | cbfl8 the Demonspawn Fighter began the quest for the Orb.
     0 | D:1      | Reached XP level 1. HP: 18/18 MP: 1/1
     6 | D:1      | You fall into a shaft and drop 1 floor!
   194 | D:2      | Gained mutation: A meltable shield of frost defends you.
                  | (SH +4) [demonic ancestry]
   194 | D:2      | Reached XP level 2. HP: 17/24 MP: 2/2
   882 | D:2      | Found Miffoic's Magic Scroll Boutique.
   967 | D:1      | Found a faded altar of an unknown god.
  1106 | D:1      | Reached skill level 1 in Evocations
  1106 | D:1      | Gained mutation: You have a pair of small antennae on your
                  | head. [demonic ancestry]
  1106 | D:1      | Reached XP level 3. HP: 29/29 MP: 3/3
  1879 | D:2      | Bought a scroll of teleportation for 42 gold pieces
  2477 | D:3      | Gained mutation: You are partially covered in slimy green
                  | scales. (AC +2) [demonic ancestry]
  2477 | D:3      | Reached XP level 4. HP: 21/35 MP: 4/4
  2793 | D:3      | Slain by a gnoll

Illustrated notes

Levels and vault maps discovered:
D:1:      dpeg_arrival_windows_large_door, layout_basic,
          chequers_ecumenical_altar_simple_redux, minmay_misc_feat_roman,
          st_stairs_4
D:2:      layout_basic, serial_shops, shop_fountains
D:3:      layout_basic, zin_statuary, lemuel_tele_altar,
          nicolae_overflow_ecumenical_swirl, minmay_distorted

Skill      XL: |  1  2 |
---------------+-------+-----
Axes           | 2 |  2.7
Armour         | 3 |  3.2
Shields        | 3 |  3.1
Evocations     | 1 |  1.6
Fighting       | |  3.3

Action                   |  1- 3 |  4- 6 || total
-------------------------+-------+-------++-------
Melee: War axe           |   114 |    20 ||   134
  Use: Potion            |     2 |     1 ||     3
Armor: Scale mail        |    56 |    10 ||    66
Dodge: Dodged            |    33 |     8 ||    41
Block: Buckler           |    65 |    14 ||    79
